 Dungeon Sprint DCSS version 0.29-a0-575-g0dc89cf053 (webtiles) character file.

Game seed: 610918229470685356

19600000 Patoropollo the Archmage (level 27, -14/228 HPs)
             Began as a Djinni Warper on June 12, 2022.
             Was the Champion of Makhleb.
             Killed from afar by a scourge (21 damage)
             ... with a poison arrow
             ... in the Dungeon (Sprint VIII: "Arena of Blood").
             The game lasted 00:07:39 (196 turns).

Patoropollo the Archmage (Djinni Warper)             Turns: 196, Time: 00:07:39

Health: -14/228    AC:  6    Str: 10    XL:     27
Gold:   0          EV: 26    Int: 27    God:    Makhleb [******] SH:  0 Dex: 15

rFire   + + .      SeeInvis +   i - +∞ Axe of Woe
rCold   x . .      Faith    .   (shield currently unavailable)
rNeg    . . .      Spirit   .   b - +0 leather armour
rPois   ∞          Reflect  .   (no helmet)
rElec   .          Harm     .   (no cloak)
rCorr   .          Rampage  .   (no gloves)
Will    ++...      NoTele   +   (boots unavailable)
Stlth   +++++++++.              (no amulet)
HPRegen 0.48/turn               k - ring of see invisible
MPRegen 0.00/turn               j - +200 ring of slaying

@: disjoining, flying, slowed, very slow
A: sickness immunity, fire resistance 2, cold vulnerability 1, float, innate
caster, HP casting, extra vitality 1
a: Renounce Religion, Minor Destruction, Lesser Servant of Makhleb, Major
Destruction, Greater Servant of Makhleb


You were in the Dungeon.
You worshipped Makhleb.
Makhleb was exalted by your worship.
You visited 1 branch

Inventory:

Hand Weapons
 a - a +0 hand axe
 i - the +∞ Axe of Woe (weapon)
   (You found it in the Dungeon)
Missiles
 d - 7 boomerangs of dispersal
Armour
 b - a +0 leather armour (worn)
Jewellery
 j - a +200 ring of slaying (right hand)
 k - a ring of see invisible (left hand)
Scrolls
 c - 2 scrolls of blinking
Potions
 e - a potion of curing
 f - a potion of heal wounds
 g - a potion of haste
 h - a potion of berserk rage


   Skills:
 O Level 27 Fighting
 O Level 27 Short Blades
 O Level 27 Long Blades
 O Level 27 Axes
 O Level 27 Maces & Flails
 O Level 27 Polearms
 O Level 27 Staves
 O Level 27 Slings
 O Level 27 Bows
 O Level 27 Crossbows
 O Level 27 Throwing
 O Level 27 Armour
 O Level 27 Dodging
 O Level 27 Stealth
 O Level 27 Shields
 O Level 27 Unarmed Combat
 O Level 27 Spellcasting
 O Level 27 Invocations
 O Level 27 Evocations


You couldn't memorise any spells.
You knew the following spells:

 Your Spells              Type           Power      Damage    Failure   Level
a - Blink                 Tloc           100%       N/A       0%          2
b - Lesser Beckoning      Tloc           100%       N/A       0%          3
c - Gell's Gravitas       Tloc           100%       N/A       0%          3
d - Teleport Other        Tloc           100%       N/A       0%          3
e - Manifold Assault      Tloc           100%       N/A       0%          5
f - Freeze                Ice            100%       1d11      0%          1
g - Passwall              Tmut/Erth      91%        N/A       0%          2
h - Vampiric Draining     Necr           100%       2d13      0%          3
i - Cause Fear            Hex            55%        N/A       0%          4
j - Lee's Rapid Deconstr  Erth           55%        3d27*     0%          5
k - Metabolic Englaciati  Hex/Ice        55%        N/A       0%          5
l - Dispersal             Tloc           55%        N/A       0%          6
m - Conjure Ball Lightni  Conj/Air       55%        3x3d20    0%          6
n - Haunt                 Necr/Summ      55%        N/A       0%          7
o - Disjunction           Tloc           55%        N/A       1%          8
p - Summon Horrible Thin  Summ           55%        N/A       1%          8
q - Infestation           Necr           55%        N/A       1%          8
r - Polar Vortex          Ice            55%        N/A       1%          9
Your spell library was empty.

Dungeon Overview and Level Annotations

Branches:
Dungeon (1/1)

Altars:
Makhleb


Innate Abilities, Weirdness & Mutations

You are immune to sickness and miasma.
You are immune to poison.
Your flesh is very heat resistant. (rF++)
You are vulnerable to cold. (rC-)
You float through the air rather than walking.
You learn spells naturally, not from books.
Your magical power is your life essence.
You have superior vitality. (+4 MHP)


Message History

Casting: Manifold Assault (safe; 0% risk of failure)
Confirm with . or Enter, or press ? or * to list all spells.
The observer blinks!
The scourge blinks!
The meat berserker blinks!
The bag of meat blinks! x3
The bag of meat shouts!
* * * LOW HITPOINT WARNING * * *
The fleshlord blinks!
The bag of meat blinks!
The fleshlord blinks!
The bag of meat blinks!
You hear an angry hiss.
You hear a shout!
The eight-headed meat hydra calls on the powers of darkness!
The eight-headed meat hydra convulses! x2; The fleshlord convulses!
The bag of meat convulses!
Your body is wracked with pain!
* * * LOW HITPOINT WARNING * * *
The bag of meat convulses!
The fleshlord convulses!
The observer convulses!
The bag of meat convulses!
The meat berserker convulses!
The eight-headed meat hydra calls on the powers of darkness!
The eight-headed meat hydra convulses! x2; The fleshlord convulses!
The bag of meat convulses!
The large bag of meat convulses!
Flame seeps out of the large bag of meat.
The bag of meat convulses!
Your body is wracked with pain!
* * * LOW HITPOINT WARNING * * *
The bag of meat convulses! x2
A bag of meat comes into view. It is wielding a +9 war axe.
The large bag of meat is engulfed in blazing flames.
A bag of meat comes into view. It is wielding a +9 war axe.
You hear a shout!
The destroyer casts a spell at you.
The destroyer blinks!
A sculptor of flesh comes into view. It is wielding a +9 great sword.
A destroyer comes into view. It is wielding a +9 vorpal great sword.
The eight-headed meat hydra calls on the powers of darkness!
The eight-headed meat hydra convulses! x2; The fleshlord convulses!
The bag of meat convulses!
The large bag of meat convulses!
Flame seeps out of the large bag of meat.
The bag of meat convulses!
Your body is wracked with pain!
* * * LOW HITPOINT WARNING * * *
The bag of meat convulses!
The scourge throws poison sting at you. The poison arrow hits you!!
You partially resist.
You die...

)) )) #o. .)# #§)
.)# ..o###.o.
..###o
..DD)p§§###)OG.p)
#.)°○O).°_...)o..
...)..#..V.o# ...
..†o).#_°@§_#....
.G....#)°§°°#....
#...)o)§)_.°W)p..
..))..†°###.))DWD
..)###.§...o)###.
G)..#......o#.).
§).)#S))....#...
†)..V)..))oWz..)
..)).)....))..).


You could see 4 eight-headed meat hydras, 2 destroyers, an observer (fast,
invisible, very poisoned), a scourge (very poisoned), 3 fleshlords, a sculptor
of flesh (wandering), a large bag of meat (inner flame), 2 dreads, a meat
berserker (berserk, poisoned), a wretched soul (invisible) and 9 bags of meat.

Vanquished Creatures
  17 hell knights (D)
  Sigmund (D)
  19 hell beasts (D)
  Edmund (D)
  12 royal mummies (D)
  17 great orbs of eyes (D)
  17 wraiths (D)
  Harold (D)
  19 vampire knights (D)
  57 ogres (D)
  9 two-headed ogres (D)
  10 liches (D)
  10 hydras (D)
  17 phantoms (D)
  95 orcs (D)
  9 skeletal warriors (D)
  23 sea snakes (D)
334 creatures vanquished.

Notes
Turn   | Place    | Note
-------+----------+-------------------------------------------
     0 | D        | Found the +∞ Axe of Woe
     0 | D        | Patoropollo the Djinni Warper began the quest for the Orb.
     0 | D        | Reached XP level 1. HP: 18/18 MP: 0/0
     1 | D        | Noticed a bag of meat
     2 | D        | Noticed a bag of meat
     3 | D        | Became a worshipper of Makhleb the Destroyer
     3 | D        | Noticed a bag of meat
     5 | D        | Noticed a bag of meat
     6 | D        | Killed a bag of meat
     6 | D        | Noticed a meat berserker
     7 | D        | Reached skill level 10 in Dodging
     7 | D        | Reached XP level 2. HP: 34/34 MP: 0/0
     7 | D        | Reached XP level 3. HP: 39/39 MP: 0/0
     7 | D        | Learned a level 1 spell: Freeze
     7 | D        | Reached XP level 4. HP: 45/45 MP: 0/0
     7 | D        | Reached XP level 5. HP: 50/50 MP: 0/0
     7 | D        | Learned a level 2 spell: Passwall
     7 | D        | Reached XP level 6. HP: 56/56 MP: 0/0
     7 | D        | Reached XP level 7. HP: 61/61 MP: 0/0
     7 | D        | Learned a level 3 spell: Vampiric Draining
     7 | D        | Reached XP level 8. HP: 67/67 MP: 0/0
     7 | D        | Reached XP level 9. HP: 72/72 MP: 0/0
     7 | D        | Learned a level 4 spell: Cause Fear
     7 | D        | Reached XP level 10. HP: 78/78 MP: 0/0
     7 | D        | Reached XP level 11. HP: 84/84 MP: 0/0
     7 | D        | Learned a level 5 spell: Lee's Rapid Deconstruction
     8 | D        | Killed a bag of meat
     8 | D        | Reached * piety under Makhleb
     8 | D        | Noticed a bag of meat
     9 | D        | Reached skill level 10 in Fighting
     9 | D        | Reached XP level 12. HP: 93/93 MP: 0/0
     9 | D        | Killed a meat berserker
     9 | D        | Noticed a bag of meat
     9 | D        | Noticed a meat berserker
     9 | D        | Noticed a bag of meat
     9 | D        | Noticed a bag of meat
    10 | D        | Reached skill level 10 in Axes
    10 | D        | Reached XP level 13. HP: 102/102 MP: 0/0
    10 | D        | Learned a level 5 spell: Metabolic Englaciation
    10 | D        | Killed a bag of meat
    10 | D        | Killed a bag of meat
    10 | D        | Reached ** piety under Makhleb
    10 | D        | Noticed a meat berserker
    10 | D        | Noticed a bag of meat
    11 | D        | Reached XP level 14. HP: 111/111 MP: 0/0
    11 | D        | Noticed a meat berserker
    11 | D        | Noticed a bag of meat
    11 | D        | Noticed a bag of meat
    12 | D        | Killed a meat berserker
    12 | D        | Killed a bag of meat
    12 | D        | Noticed a bag of meat
    13 | D        | Reached skill level 15 in Fighting
    13 | D        | Reached skill level 5 in Armour
    13 | D        | Reached skill level 15 in Dodging
    13 | D        | Reached XP level 15. HP: 120/120 MP: 0/0
    13 | D        | Learned a level 6 spell: Dispersal
    13 | D        | Killed a meat berserker
    13 | D        | Reached *** piety under Makhleb
    13 | D        | Killed a meat berserker
    14 | D        | Reached skill level 5 in Throwing
    14 | D        | Reached XP level 16. HP: 130/130 MP: 0/0
    14 | D        | Reached **** piety under Makhleb
    15 | D        | Reached skill level 27 in Spellcasting
    15 | D        | Reached XP level 17. HP: 104/143 MP: 0/0
    15 | D        | Learned a level 6 spell: Conjure Ball Lightning
    15 | D        | Reached ***** piety under Makhleb
    16 | D        | Reached XP level 18. HP: 156/156 MP: 0/0
    16 | D        | Noticed a large bag of meat
    16 | D        | Noticed a meat berserker
    16 | D        | Noticed a meat berserker
    17 | D        | Killed a meat berserker
    17 | D        | Killed a meat berserker
    17 | D        | Reached ****** piety under Makhleb
    18 | D        | Reached skill level 27 in Axes
    18 | D        | Reached skill level 10 in Armour
    18 | D        | Reached XP level 19. HP: 173/173 MP: 0/0
    18 | D        | Learned a level 7 spell: Haunt
    18 | D        | Noticed a destroyer
    18 | D        | Killed a large bag of meat
    19 | D        | Reached skill level 27 in Fighting
    19 | D        | Reached skill level 10 in Throwing
    19 | D        | Reached skill level 27 in Dodging
    19 | D        | Noticed a destroyer
    19 | D        | Killed a destroyer
    19 | D        | Killed a destroyer
    19 | D        | Noticed a destroyer
    19 | D        | Noticed a large bag of meat
    20 | D        | Reached skill level 15 in Throwing
    20 | D        | Reached XP level 20. HP: 181/181 MP: 0/0
    21 | D        | Killed a large bag of meat
    21 | D        | Killed a destroyer
    22 | D        | Reached skill level 27 in Armour
    22 | D        | Reached XP level 21. HP: 187/187 MP: 0/0
    22 | D        | Learned a level 8 spell: Disjunction
    23 | D        | Noticed a large bag of meat
    23 | D        | Killed a large bag of meat
    24 | D        | Reached skill level 27 in Throwing
    24 | D        | Noticed a meat berserker
    26 | D        | Noticed a meat berserker
    26 | D        | Noticed a destroyer
    26 | D        | Noticed The Servant
    26 | D        | Noticed a meat berserker
    26 | D        | Noticed a large bag of meat
    27 | D        | Killed a large bag of meat
    28 | D        | Reached XP level 22. HP: 194/194 MP: 0/0
    28 | D        | Killed a meat berserker
    28 | D        | Killed a destroyer
    29 | D        | Reached skill level 10 in Short Blades
    29 | D        | Reached skill level 10 in Long Blades
    29 | D        | Reached skill level 10 in Staves
    29 | D        | Reached skill level 10 in Stealth
    29 | D        | Noticed a destroyer
    29 | D        | Killed a meat berserker
    29 | D        | Killed a meat berserker
    29 | D        | Killed a destroyer
    30 | D        | Reached XP level 23. HP: 201/201 MP: 0/0
    30 | D        | Learned a level 8 spell: Summon Horrible Things
    30 | D        | Killed The Servant
    31 | D        | Reached skill level 15 in Shields
    31 | D        | Reached skill level 15 in Unarmed Combat
    31 | D        | Reached skill level 15 in Invocations
    31 | D        | Reached skill level 15 in Evocations
    31 | D        | Reached XP level 24. HP: 208/208 MP: 0/0
    31 | D        | Noticed a destroyer
    31 | D        | Killed a destroyer
    31 | D        | Noticed a large bag of meat
    32 | D        | Reached skill level 15 in Short Blades
    32 | D        | Reached skill level 15 in Long Blades
    32 | D        | Reached skill level 15 in Staves
    32 | D        | Reached skill level 15 in Stealth
    32 | D        | Killed a large bag of meat
    33 | D        | Reached skill level 15 in Maces & Flails
    33 | D        | Reached skill level 15 in Polearms
    33 | D        | Reached skill level 15 in Slings
    33 | D        | Reached skill level 15 in Bows
    33 | D        | Reached skill level 15 in Crossbows
    34 | D        | Noticed a destroyer
    34 | D        | Killed a destroyer
    35 | D        | Reached XP level 25. HP: 214/214 MP: 0/0
    35 | D        | Learned a level 8 spell: Infestation
    40 | D        | Noticed a destroyer
    40 | D        | Noticed a destroyer
    41 | D        | Killed a destroyer
    43 | D        | Killed a destroyer
    44 | D        | Reached XP level 26. HP: 221/221 MP: 0/0
    54 | D        | Noticed an accursed
    55 | D        | Killed an accursed
    56 | D        | Noticed an accursed
    57 | D        | Noticed The Captor
    57 | D        | Noticed a dread
    57 | D        | Killed a dread
    57 | D        | Killed The Captor
    57 | D        | Killed an accursed
    57 | D        | Noticed an accursed
    58 | D        | Reached XP level 27. HP: 116/228 MP: 0/0
    58 | D        | Learned a level 9 spell: Polar Vortex
    58 | D        | Noticed a tyrant
    60 | D        | Noticed a meat beast
    60 | D        | Killed a meat beast
    60 | D        | Killed a tyrant
    61 | D        | Killed an accursed
    63 | D        | Noticed an accursed
    64 | D        | Killed an accursed
    64 | D        | Noticed a tyrant
    65 | D        | Reached skill level 27 in Shields
    65 | D        | Reached skill level 27 in Unarmed Combat
    65 | D        | Reached skill level 27 in Invocations
    65 | D        | Reached skill level 27 in Evocations
    65 | D        | Killed a tyrant
    65 | D        | Noticed an accursed
    66 | D        | Reached skill level 27 in Short Blades
    66 | D        | Reached skill level 27 in Long Blades
    66 | D        | Reached skill level 27 in Staves
    66 | D        | Reached skill level 27 in Stealth
    66 | D        | Noticed a dread
    66 | D        | Killed a dread
    66 | D        | Killed an accursed
    66 | D        | Noticed a destroyer
    67 | D        | Reached skill level 27 in Maces & Flails
    67 | D        | Reached skill level 27 in Polearms
    67 | D        | Reached skill level 27 in Slings
    67 | D        | Reached skill level 27 in Bows
    67 | D        | Reached skill level 27 in Crossbows
    67 | D        | Killed a destroyer
    70 | D        | Noticed a destroyer
    71 | D        | Noticed a meat beast
    73 | D        | Killed a destroyer
    74 | D        | Noticed a dread
    75 | D        | Killed a dread
    77 | D        | Noticed a meat beast
    77 | D        | Killed a meat beast
    79 | D        | Noticed a tyrant
    82 | D        | Killed a tyrant
    92 | D        | Noticed The Defiler
    92 | D        | Killed The Defiler
   101 | D        | Noticed an accursed
   102 | D        | Killed an accursed
   105 | D        | Noticed a large bag of meat
   106 | D        | Killed a large bag of meat
   107 | D        | Noticed a meat beast
   108 | D        | Killed a meat beast
   110 | D        | Noticed a meat beast
   111 | D        | Noticed a destroyer
   112 | D        | Noticed a fleshlord
   112 | D        | Killed a destroyer
   112 | D        | Killed a meat beast
   112 | D        | Killed a fleshlord
   113 | D        | Noticed a meat beast
   113 | D        | Noticed a fleshlord
   114 | D        | Killed a fleshlord
   114 | D        | Killed a meat beast
   114 | D        | Noticed a destroyer
   115 | D        | Killed a destroyer
   115 | D        | Noticed a fleshlord
   116 | D        | Killed a fleshlord
   116 | D        | Noticed a fleshlord
   117 | D        | Killed a fleshlord
   117 | D        | Noticed a meat beast
   118 | D        | Killed a meat beast
   125 | D        | Noticed a dread
   126 | D        | Killed a dread
   128 | D        | Noticed a dread
   129 | D        | Killed a dread
   130 | D        | Noticed a large bag of meat
   131 | D        | Killed a large bag of meat
   131 | D        | Noticed a dread
   132 | D        | Killed a dread
   132 | D        | Noticed a meat beast
   133 | D        | Killed a meat beast
   134 | D        | Noticed a fleshlord
   135 | D        | Killed a fleshlord
   135 | D        | Noticed a fleshlord
   136 | D        | Killed a fleshlord
   136 | D        | Noticed a fleshlord
   136 | D        | Noticed a meat beast
   137 | D        | Killed a meat beast
   137 | D        | Killed a fleshlord
   137 | D        | Noticed a tyrant
   138 | D        | Killed a tyrant
   138 | D        | Noticed a meat beast
   139 | D        | Killed a meat beast
   139 | D        | Noticed a dread
   140 | D        | Killed a dread
   140 | D        | Noticed a dread
   141 | D        | Killed a dread
   141 | D        | Noticed a tyrant
   141 | D        | Noticed a destroyer
   142 | D        | Killed a tyrant
   142 | D        | Killed a destroyer
   142 | D        | Noticed an accursed
   143 | D        | Killed an accursed
   143 | D        | Noticed an accursed
   144 | D        | Killed an accursed
   145 | D        | Noticed a meat beast
   146 | D        | Killed a meat beast
   147 | D        | Noticed a destroyer
   147 | D        | Noticed a tyrant
   148 | D        | Killed a destroyer
   148 | D        | Killed a tyrant
   149 | D        | Noticed a dread
   149 | D        | Noticed a fleshlord
   150 | D        | Killed a dread
   150 | D        | Killed a fleshlord
   151 | D        | Noticed a dread
   151 | D        | Killed a dread
   151 | D        | Noticed a meat beast
   152 | D        | Killed a meat beast
   153 | D        | Noticed a dread
   153 | D        | Killed a dread
   153 | D        | Noticed a meat beast
   154 | D        | Killed a meat beast
   155 | D        | Noticed a destroyer
   156 | D        | Killed a destroyer
   158 | D        | Noticed a large bag of meat
   159 | D        | Killed a large bag of meat
   159 | D        | Noticed a tyrant
   160 | D        | Killed a tyrant
   160 | D        | Noticed an accursed
   161 | D        | Killed an accursed
   161 | D        | Noticed a destroyer
   162 | D        | Killed a destroyer
   163 | D        | Noticed a meat beast
   163 | D        | Noticed a destroyer
   164 | D        | Killed a meat beast
   164 | D        | Killed a destroyer
   164 | D        | Noticed a meat beast
   164 | D        | Noticed a dread
   165 | D        | Noticed a dread
   165 | D        | Killed a dread
   165 | D        | Killed a meat beast
   165 | D        | Killed a dread
   165 | D        | Noticed a fleshlord
   166 | D        | Noticed a fleshlord
   166 | D        | Killed a fleshlord
   166 | D        | Killed a fleshlord
   166 | D        | Noticed a fleshlord
   167 | D        | Killed a fleshlord
   167 | D        | Noticed a meat beast
   168 | D        | Noticed a dread
   168 | D        | Noticed a large bag of meat
   169 | D        | Killed a large bag of meat
   169 | D        | Killed a dread
   169 | D        | Killed a meat beast
   170 | D        | Noticed a fleshlord
   171 | D        | Killed a fleshlord
   174 | D        | Noticed a dread
   175 | D        | Killed a dread
   175 | D        | Noticed a fleshlord
   176 | D        | Killed a fleshlord
   177 | D        | Noticed a fleshlord
   178 | D        | Killed a fleshlord
   178 | D        | Noticed an accursed
   179 | D        | Killed an accursed
   180 | D        | Noticed a fleshlord
   180 | D        | Killed a fleshlord
   180 | D        | Noticed a tyrant
   180 | D        | Noticed a dread
   181 | D        | Killed a tyrant
   181 | D        | Killed a dread
   181 | D        | Noticed an accursed
   182 | D        | Killed an accursed
   182 | D        | Noticed a meat beast
   183 | D        | Killed a meat beast
   183 | D        | Noticed a meat beast
   183 | D        | Noticed a fleshlord
   184 | D        | Killed a meat beast
   184 | D        | Killed a fleshlord
   184 | D        | Noticed an accursed
   185 | D        | Noticed a meat beast
   186 | D        | Noticed a fleshlord
   187 | D        | Killed a meat beast
   187 | D        | Killed an accursed
   187 | D        | Noticed a dread
   187 | D        | Noticed a tyrant
   189 | D        | Noticed a fleshlord
   189 | D        | Killed a dread
   190 | D        | Noticed a destroyer
   190 | D        | Killed a fleshlord
   190 | D        | Killed a destroyer
   190 | D        | Killed a meat beast
   190 | D        | Noticed a fleshlord
   192 | D        | Noticed a tyrant
   192 | D        | Noticed a dread
   193 | D        | Noticed a fleshlord
   193 | D        | Noticed a destroyer
   193 | D        | Noticed a fleshlord
   194 | D        | Killed a tyrant
   194 | D        | Noticed a fleshlord
   195 | D        | Killed a tyrant
   195 | D        | Noticed a dread
   195 | D        | Noticed a large bag of meat
   196 | D        | Noticed a destroyer
   196 | D        | HP: 7/228 [??? (5)]
   196 | D        | Killed from afar by a scourge

Illustrated notes

Levels and vault maps discovered:
D:        meatsprint

Skill      XL: |  1  2  3  4  5  6  7  8  9 10 11 12 13 14 15 16 17 18 19 20 21 22 23 24 25 26 27 |
---------------+----------------------------------------------------------------------------------+-----
Fighting       | 9 10 12 13 15 17 20 22 26 27 | 27.0
Axes           | 7 8 10 12 14 17 21 24 27 | 27.0
Throwing       | 3 4 5 6 15 23 27 | 27.0
Armour         | 3 4 5 6 7 10 24 27 | 27.0
Dodging        | 10 11 13 14 15 17 19 20 23 27 | 27.0
Spellcasting   | 16 18 21 22 24 26 27 | 27.0
Short Blades   | 7 13 14 17 19 23 27 | 27.0
Long Blades    | 7 13 14 17 19 23 27 | 27.0
Maces & Flails | 7 12 13 15 17 22 27 | 27.0
Polearms       | 7 12 13 15 17 22 27 | 27.0
Staves         | 7 13 14 17 19 23 27 | 27.0
Slings         | 7 12 13 15 17 22 27 | 27.0
Bows           | 7 12 13 15 17 22 27 | 27.0
Crossbows      | 7 12 13 15 17 22 27 | 27.0
Stealth        | 7 13 14 17 19 23 27 | 27.0
Shields        | 8 13 15 17 19 24 27 | 27.0
Unarmed Combat | 8 13 15 17 19 24 27 | 27.0
Invocations    | 8 13 15 17 19 24 27 | 27.0
Evocations     | 8 13 15 17 19 24 27 | 27.0

Action                   |  1- 3 |  4- 6 |  7- 9 | 10-12 | 13-15 | 16-18 | 19-21 | 22-24 | 25-27 || total
-------------------------+-------+-------+-------+-------+-------+-------+-------+-------+-------++-------
Melee: Executioner's axe |     1 |       |       |     2 |     5 |    12 |    17 |    18 |   279 ||   334
 Cast: Manifold Assault  |       |       |       |       |     1 |     3 |     6 |     7 |   110 ||   127
       Disjunction       |       |       |       |       |       |       |       |       |     1 ||     1
Dodge: Dodged            |       |       |       |       |       |       |       |       |     3 ||     3

Table legend: (Time is in decaauts)
 A = Elapsed time spent in this place.
 B = Non-inter-level travel time spent in this place.
 C = Inter-level travel time spent in this place.
 D = Time resting spent in this place.
 E = Time spent auto-exploring this place.
 F = Levels seen in this place.
 G = Mean time per level.
                   A        B        C        D        E       F      G
               +--------+--------+--------+--------+--------+-----+--------+
         Total |    171 |    171 |      0 |      0 |      0 |   1 |  171.0 |
       Dungeon |    171 |    171 |      0 |      0 |      0 |   1 |  171.0 |
               +--------+--------+--------+--------+--------+-----+--------+

Top non-repeatable levels by time:
       D: 171 daAuts
